AoeStats
← STRATCOM

Arena

509211166Analyzed
1v1 RM · 8d ago on Sep 25, 2026· 49m 45s· 2 players
Game mode
Random Map
Map size
Tiny (2 player)
Population
200
Speed
Normal
Resources
Standard
Victory
Conquest
Starting age
Dark Age
Ending age
Imperial Age
RankedLock teamsTeams togetherTeam positionsShared explorationLock speedFull tech treeHidden civsTurbo modeCheats
Victory
Defeat
🇫🇷 Turks · France
295
+11
🇮🇹 Chinese · Italy
188
-11
inno
0:42 Loom
13:35 Feudal Age
13:58 Horse Collar
15:37 Double-Bit Axe
17:52 Wheelbarrow
17:04 Town Watch
19:16 Stone Mining
19:19 Gold Mining
23:02 Castle Age
22:29 Forging
22:20 Scale Mail Armor
22:26 Scale Barding Armor
23:04 Fletching
23:15 Padded Archer Armor
24:31 Hand Cart
25:14 Gold Shaft Mining
26:31 Stone Shaft Mining
30:39 Town Patrol
31:01 Bow Saw
34:49 Imperial Age
34:28 Iron Casting
34:09 Chain Mail Armor
34:15 Chain Barding Armor
33:51 Bodkin Arrow
34:12 Leather Archer Armor
35:07 Masonry
35:22 Ballistics
34:59 Murder Holes
35:14 Fortified Wall
34:57 Guard Tower
35:18 Heavy Rocket Cart
35:23 Pikeman
36:06 Squires
35:56 Elite Skirmisher
36:45 Thumb Ring
36:44 Husbandry
36:58 Bloodlines
38:10 Heavy Plow
45:03 Halberdier
STRATCOM
0:47 Loom
11:28 Feudal Age
11:56 Horse Collar
12:05 Double-Bit Axe
12:13 Gold Mining
12:13 Town Watch
15:12 Wheelbarrow
16:07 Stone Mining
23:37 Castle Age
22:39 Forging
22:35 Scale Barding Armor
25:08 Bow Saw
25:01 Heavy Plow
25:19 Hand Cart
25:05 Town Patrol
25:43 Gold Shaft Mining
31:50 Masonry
31:21 Treadmill Crane
31:46 Husbandry
31:57 Bloodlines
34:33 Imperial Age
35:08 Elite Janissary
36:01 Cavalier
45:58 Iron Casting
45:44 Chain Barding Armor
Connection lost

Rejoining the realm…

Still unreachable

The connection could not be restored.

Session expired

The server has moved on; the page needs a fresh start.